 Dungeon Crawl Stone Soup version 0.31.0-11-ge490571c62 (webtiles) character file.

Game seed: 16026011875477793036

156 qw the Skirmisher (level 5, -2/29 HPs)
             Began as a Deep Elf Hunter on Feb 4, 2024.
             Slain by an orc wizard
             ... wielding a +2 dagger of venom
              (3 damage)
             ... on level 3 of the Dungeon.
             The game lasted 00:00:33 (2088 turns).

qw the Skirmisher (Deep Elf Hunter)                 Turns: 2088, Time: 00:00:34

Health: -2/29      AC:  2    Str: 10    XL:     5   Next: 15%
Magic:  7/7        EV: 13    Int: 14    God:
Gold:   64         SH:  0    Dex: 18    Spells: 4/4 levels left

rFire   . . .        e - +0 arbalest
rCold   . . .        (shield currently unavailable)
rNeg    . . .        i - +0 robe {Will+}
rPois   .            (no helmet)
rElec   .            (no cloak)
rCorr   .            (no gloves)
SInv    .            (no boots)
Will    +....        (no amulet)
Stlth   ++           (no ring)
HPRegen 0.24/turn    (no ring)
MPRegen 0.10/turn

%: no passive effects
@: lethally poisoned (-2 -> -12), about to teleport
A: no striking features
a: no special abilities


You were on level 3 of the Dungeon.
You visited 1 branch of the dungeon, and saw 3 of its levels.

You collected 163 gold pieces.
You spent 99 gold pieces at shops.


   Skills:
 - Level 1.5 Fighting
 + Level 8.2 Ranged Weapons
 - Level 3.2 Dodging
 - Level 1.2 Stealth


You had 4 spell levels left.
You didn't know any spells.
Your spell library was empty.

Inventory:

Hand Weapons
 e - a +0 arbalest (weapon)
Armour
 a - a +0 scale mail
 c - a +0 leather armour
 i - a +0 robe of willpower (worn)
Scrolls
 d - 3 scrolls of identify
Potions
 b - a potion of ambrosia {unknown}
 g - 2 potions of enlightenment

Dungeon Overview and Level Annotations

Branches:
Dungeon (3/15)

Altars:

Shops:
D:3 (


Message History

An orc comes into view. It is wielding a +0 flail.
An orc wizard comes into view. It is wielding a +2 dagger of venom.
You shoot a bolt. The orc wizard shouts!
The bolt hits the orc!
You kill the orc!
You shoot a bolt. The bolt hits the orc.
The orc is almost dead.
You shoot a bolt. The bolt hits the orc!
You kill the orc!
You shoot a bolt. The bolt hits the orc!
You kill the orc!
You shoot a bolt.
The bolt hits the orc wizard but does no damage.
You shoot a bolt.
The bolt hits the orc wizard but does no damage.
The orc wizard hits you with a +0 dagger.
The orc wizard hits you with a +2 dagger of venom.
You are poisoned.
You shoot a bolt. The bolt hits the orc wizard!
The orc wizard is severely wounded.
You feel very sick. The orc wizard closely misses you.
The orc wizard hits you with a +2 dagger of venom.
You are lethally poisoned!
The orc wizard closely misses you.
The orc wizard casts a spell.
The orc wizard flickers and vanishes!
Deactivating autopickup; reactivate with Ctrl-A.
You shoot a bolt. The bolt barely misses the orc wizard.
You feel extremely sick.
The orc wizard gestures at you while chanting.
The magic dart hits you. Something barely misses you.
2088 ||| READING scroll of teleportation.
As you read the scroll of teleportation, it crumbles to dust.
You feel strangely unstable.
You feel very sick.
The orc wizard hits you with a +0 dagger.
Something hits you.
You die...

......#.##<###.#.#
#.# ###.#.#....#
#.#.# #.#
#.#......###.#.# #.#
##.###...<......#
#.# #..#
######)#.### #.#
#.## ##.#.#
#######.## #.#
#..#.# .........####
#.#
#.##.##.######.....#
#.# #.##..@{..#
##.##.# #.#
#.#####o#.# #.##.#
#.########.# #.#.
#.##%# ##..........#
#)#. #.##.#
...########## #...
#.##.# ...# #..#
#.##.# #### #.)#
#.##.#
#..######.##.#
#..%......##.##


You could see an orc wizard.

Vanquished Creatures
  2 bombardier beetles (D:3)
  4 adders
  A ribbon worm (D:3)
  4 orcs (D:3)
  4 endoplasms
  2 giant cockroaches (D:1)
  3 goblins
  7 hobgoblins
  4 jackals (D:1)
  5 kobolds
  A quokka (D:2)
  4 ball pythons
  4 bats
  4 frilled lizards
  4 rats
53 creatures vanquished.

Notes
Turn   | Place    | Note
-------+----------+-------------------------------------------
     0 | D:1      | qw the Deep Elf Hunter began the quest for the Orb.
     0 | D:1      | Reached XP level 1. HP: 12/12 MP: 3/3
     0 | D:1      | 0 ||| qw: Version: 0.3-a-160-g6735b56
     0 | D:1      | 0 ||| qw: Game counter: 6097
     0 | D:1      | 0 ||| qw: Melee chars always use a shield: true
     0 | D:1      | 0 ||| qw: God list: Okawaru
     0 | D:1      | 0 ||| qw: Allow faded altars: false
     0 | D:1      | 0 ||| qw: Do Orc after clearing Dungeon:15 true
     0 | D:1      | 0 ||| qw: Do second Lair branch before Depths: true
     0 | D:1      | 0 ||| qw: Lair rune preference: random
     0 | D:1      | 0 ||| qw: Goals: Normal
     0 | D:1      | 0 ||| PLANNING D:1-11
    89 | D:1      | Found a faded altar of an unknown god.
   140 | D:1      | Reached XP level 2. HP: 16/16 MP: 4/4
   146 | D:1      | Reached skill level 6 in Ranged Weapons
   591 | D:1      | 591 ||| UPGRADING to +0 robe of willpower.
   601 | D:1      | 601 ||| DROPPING ring of flight.
   602 | D:1      | 602 ||| READING scroll labelled WUONGE VOIT.
   606 | D:1      | 606 ||| READING scroll labelled OSUUMM ZILO.
   607 | D:1      | 607 ||| READING 2 scrolls labelled GIPSE BIOSKO.
   607 | D:1      | 607 ||| IDENTIFYING bubbling brown potion
   608 | D:1      | 608 ||| DROPPING scroll of butterflies.
   963 | D:2      | Reached XP level 3. HP: 20/20 MP: 5/5
  1264 | D:2      | 1264 ||| READING 2 scrolls of identify.
  1264 | D:2      | 1264 ||| IDENTIFYING fuming yellow potion
  1265 | D:2      | 1265 ||| READING scroll of identify.
  1265 | D:2      | 1265 ||| IDENTIFYING metallic red potion
  1266 | D:2      | 1266 ||| READING scroll labelled QIRUASCH MIVOJI.
  1367 | D:2      | 1367 ||| READING scroll labelled NEMI KOACIHA.
  1368 | D:2      | 1368 ||| DROPPING potion of degeneration.
  1369 | D:2      | 1369 ||| DROPPING potion of brilliance.
  1423 | D:3      | Reached skill level 7 in Ranged Weapons
  1428 | D:3      | HP: 5/20 [bombardier beetle (3)]
  1429 | D:3      | 1429 ||| READING scroll of teleportation.
  1437 | D:3      | HP: 4/20 [adder (2)]
  1551 | D:3      | Reached XP level 4. HP: 25/25 MP: 6/6
  1660 | D:3      | Found Honisas's Antique Weapon Shop.
  1673 | D:3      | 1673 ||| BUYING arbalest (99 gold).
  1673 | D:3      | Bought an arbalest for 99 gold pieces
  1673 | D:3      | 1673 ||| SWAPPING to +0 arbalest.
  1674 | D:3      | 1674 ||| DROPPING +0 shortbow.
  1702 | D:3      | Reached skill level 8 in Ranged Weapons
  1716 | D:3      | Reached skill level 3 in Dodging
  1733 | D:3      | Reached XP level 5. HP: 29/29 MP: 7/7
  2087 | D:3      | HP: 5/29 [orc wizard/magic dart (5)]
  2088 | D:3      | 2088 ||| READING scroll of teleportation.
  2088 | D:3      | HP: 2/29 [poisoned by an orc wizard]
  2088 | D:3      | Slain by an orc wizard

Levels and vault maps discovered:
D:1:      psy_arrival_whirlpool, layout_basic, basic_ecumenical_altar,
          grunt_decor_junction
D:2:      layout_loops_cross, serial_forest, infiniplex_forest_zigzag_1,
          infiniplex_forest_lined_3, infiniplex_forest_lined_3,
          infiniplex_forest_corner_1, infiniplex_forest_diagonal,
          infiniplex_forest_clump_tiny
D:3:      layout_loops_ring, serial_shops,
          nicolae_shop_competitors_out_of_business, minmay_misc_feat_tiny

Skill      XL: |  1  2  3  4 |
---------------+-------------+-----
Ranged Weapons | 6 7 8 |  8.2
Dodging        | 3 |  3.2
Fighting       | |  1.5
Stealth        | |  1.2

Action                     |  1- 3 |  4- 6 || total
---------------------------+-------+-------++-------
   Fire: Shortbow          |    98 |    18 ||   116
         Arbalest          |       |    24 ||    24
    Use: Scroll            |     8 |     1 ||     9
 Armour: Leather armour    |    10 |       ||    10
         Robe              |    14 |     8 ||    22
  Dodge: Dodged            |    38 |     7 ||    45

Table legend:
 A = Non-vault XP
 B = Vault XP
 C = Vault XP percentage of total XP
 D = Non-vault monster count
 E = Vault monster count
 F = Vault count percentage of total count
                 A         B        C        D         E       F
            +---------+---------+-------+---------+---------+-------
      Total |     224 |       0 |   0.0 |      53 |       0 |   0.0
            +---------+---------+-------+---------+---------+-------
        D:1 |      24 |       0 |   0.0 |      14 |       0 |   0.0
        D:2 |      31 |       0 |   0.0 |      12 |       0 |   0.0
        D:3 |     169 |       0 |   0.0 |      27 |       0 |   0.0
            +---------+---------+-------+---------+---------+-------
